General information
- name: grudge1
- type: Custom game
- host: royceroyce2001
- saver: Mata.
map: SecretValley
- players: 7
- length: 12:15
- speed: Fast
- version: 1.21 W3XP
- replay type:

» download(45 KB)
Players
team 1 (winner)

»
Kunt.RoII (
pink | 134 APM | 1639 actions | 12:14)
4 Goblin Alchemist
2 Chemical Rage
2 Acid Bomb
3 Naga Sea Witch
2 Frost Arrows
1 Forked Lightning
» actions
| Assign group hotkey | 22 | |
| Basic commands | 18 | |
| Build / train | 61 | |
| ESC pressed | 6 | |
| Enter build submenu | 17 | |
| Enter hero's abilities submenu | 7 | |
| Give item / drop item | 1 | |
| Right click | 765 | |
| Select / deselect | 220 | |
| Select group hotkey | 465 | |
| Use ability | 57 | |
1639 total
» units
| Wisp | 21 | |
| Archer | 11 | |
| Dryad | 8 | |
| Druid of the Talon | 1 | |
41 total
» upgrades
| Improved Bows | 1 | |
| Druid of the Talon Training | 1 | |
| Strength of the Wild | 1 | |
3 total
» buildings
| Altar of Elders | 2 | |
| Moon Well | 6 | |
| Ancient of War | 1 | |
| Tree of Ages | 3 | |
| Hunter's Hall | 1 | |
| Ancient of Wonders | 1 | |
| Ancient of Lore | 1 | |
| Ancient of Wind | 1 | |
| Tree of Life | 1 | |
| Ancient Protector | 3 | |
| Tree of Eternity | 2 | |
22 total
» build order
00:06 Altar of Elders
00:11 Moon Well
00:18 Ancient of War
00:52 Altar of Elders
01:35 Moon Well
03:00 Tree of Ages
03:01 Tree of Ages
03:58 Moon Well
04:11 Hunter's Hall
04:54 Moon Well
05:03 Ancient of Wonders
05:54 Ancient of Lore
06:00 Ancient of Wind
08:48 Tree of Life
08:51 Ancient Protector
09:05 Ancient Protector
09:09 Ancient Protector
10:12 Tree of Eternity
11:39 Moon Well
11:40 Moon Well
» items
| Potion of Healing | 2 | |
| Moonstone | 1 | |
3 total
team 2 (loser)

»
Lucius-Vorenus (
blue | 57 APM | 693 actions | 12:14)
4 Demon Hunter
2 Mana Burn
2 Evasion
» actions
| Assign group hotkey | 48 | |
| Basic commands | 37 | |
| Build / train | 41 | |
| Enter build submenu | 14 | |
| Enter hero's abilities submenu | 4 | |
| Give item / drop item | 1 | |
| Right click | 256 | |
| Select / deselect | 143 | |
| Select group hotkey | 115 | |
| Use ability | 34 | |
693 total
» units
| Wisp | 9 | |
| Archer | 1 | |
| Huntress | 14 | |
| Dryad | 6 | |
30 total
» upgrades
» buildings
| Altar of Elders | 1 | |
| Moon Well | 7 | |
| Ancient of War | 1 | |
| Hunter's Hall | 1 | |
| Ancient Protector | 1 | |
| Tree of Ages | 1 | |
| Ancient of Lore | 1 | |
| Tree of Eternity | 1 | |
14 total
» build order
00:03 Altar of Elders
00:05 Moon Well
01:17 Ancient of War
01:40 Hunter's Hall
02:03 Moon Well
02:06 Moon Well
02:48 Ancient Protector
03:01 Moon Well
03:58 Moon Well
04:45 Tree of Ages
06:03 Moon Well
07:10 Ancient of Lore
08:15 Tree of Eternity
08:21 Moon Well
» items
| Potion of Lesser Invulnerability | 2 | |
2 total
refereesroyceroyce2001,
snacker,
joltx,
Mata.,
Dexanth Chat log
(00:06 / Referees) Dexanth: mirror match :D
(00:08 / All) Lucius-Vorenus: gd it
(00:11 / Referees) royceroyce2001: ugh
(00:16 / Referees) royceroyce2001: i gotta go pick up my little brother from school
(00:21 / All) Mata.: come on big guy
(00:21 / All) Lucius-Vorenus: i mean, HO HO you're in for it now
(00:22 / Referees) royceroyce2001: afk
(00:23 / All) Kunt.RoII: I DONT KNOW WHAT IM DOING
(00:24 / All) Mata.: remember the 'perch
(00:47 / All) Dexanth: Kunt that build order is very str...stra...stange
(00:56 / All) Kunt.RoII: i dont play this race ok
(00:58 / All) Dexanth: Also i dun speel gud
(01:03 / All) joltx: who doesnt play orc?
(01:07 / Referees) Mata.: tav hero
(01:09 / Referees) Mata.: is kind of common
(01:21 / Referees) joltx: what hero, dr?
(01:25 / Referees) Mata.: tinker?
(01:26 / Referees) snacker: wtf there's wow tourneys?
(01:34 / Referees) Mata.: i watched like 5 minutes of one
(01:36 / Referees) Dexanth: pvp tourneys yes
(01:37 / Referees) Mata.: that shit sucked balls
(01:42 / Referees) snacker: is like like dota but 3d
(01:44 / Referees) Dexanth: i just kind of laffed when i heard about it
(01:45 / Referees) snacker: it*
(01:47 / Referees) Dexanth: pretty much
(01:51 / Referees) joltx: i watched hte end of one before moon/sky
(02:01 / Referees) Mata.: a goon team won apparently?
(02:06 / All) Kunt.RoII: i think it worked out pretty well dex!
(02:06 / Referees) snacker: i mean isnt it just who sunk the most time/gold in to an account
(02:07 / Referees) joltx: really
(02:11 / Referees) Dexanth: i think who cares is more like it
(02:16 / All) Dexanth: oic
(02:18 / Referees) Mata.: no they get pre-made chars
(02:20 / Referees) Mata.: with equal items
(02:21 / All) Kunt.RoII: sorta
(02:23 / Referees) snacker: thats dumb
(02:29 / All) Dexanth: Hoho
(02:33 / Referees) joltx: its like dota but 3d and with a 2 year grind attached to the front end
(02:35 / Referees) Dexanth: Alchemist
(02:47 / Referees) Mata.: well
(02:49 / Referees) Mata.: apparently
(02:54 / Referees) Mata.: some of the teams competing had never played the game before
(03:00 / Referees) snacker: lmao
(03:01 / Referees) Mata.: so there's that
(03:12 / Referees) Dexanth: wow pvp can be kind of challenging at times
(03:15 / Referees) Mata.: nope
(03:18 / Referees) snacker: well china had to represent
(03:18 / Referees) Dexanth: but in the end its really 'i got 2 crits in a row and you died'
(03:24 / Referees) snacker: and they got nothing but farmers
(03:42 / Referees) snacker: is lv good i cant tell
(03:46 / Referees) Mata.: gold farmers can probably be pretty mean in pvp
(03:58 / Referees) Mata.: i mean they are progamers in the sense that gaming is their profession
(03:59 / Referees) Dexanth: Gold farmers are good at falling over dead
(04:11 / Referees) snacker: well yes if your whole gaming existence consists of nothing but macros
(04:13 / Referees) Dexanth: yes but any time pvping is time not spent making gold
(04:16 / Referees) snacker: then yes youd probably be pretty good
(04:17 / Referees) royceroyce2001: how does one "farm gold"
(04:21 / Referees) royceroyce2001: and why does 200 gold cost so much
(04:22 / Referees) Mata.: you water it
(04:23 / Referees) Mata.: and shit
(04:26 / Referees) Dexanth: killing the gnoll farmer over and over again
(04:29 / Referees) Dexanth: he grows gold
(04:38 / Referees) snacker: i bet they got macros for everything
(04:42 / Referees) Mata.: gold breeds gold
(04:43 / Referees) Dexanth: so he farms it you demand tribute
(04:44 / Referees) Mata.: jews know this secret
(04:44 / Referees) royceroyce2001: does he just drop like 1 gold at a time?
(04:59 / Referees) Mata.: i doubt they drop a whole gold
(05:00 / Referees) Mata.: tbqh
(05:01 / Referees) Dexanth: u needs to spend da gs to make da gs
(05:30 / Referees) Mata.: 10000 copper = 100 silver = 1 gold
(05:40 / Referees) royceroyce2001: oh
(05:47 / Referees) royceroyce2001: so gold isnt the only currency
(05:48 / Referees) snacker: are gold easy to get
(05:51 / Referees) Mata.: 1000 gold = fat purps
(06:03 / Referees) Mata.: sure just type "wow" into the ebay search bar
(06:04 / Referees) Dexanth: no its 100 copper = 10 silver = 1 gold
(06:10 / Referees) Dexanth: you can thinking of everquest maybe
(06:15 / All) Kunt.RoII: what heroes do u get in ne mirror :X
(06:27 / All) snacker: dh
(06:30 / Referees) Mata.: there's no way there's only 10 copper in a silver
(06:31 / All) Dexanth: dh
(06:35 / All) Kunt.RoII: dh is gay
(06:38 / All) snacker: on the pro levels not many get potm
(06:39 / Referees) joltx: 100 copper
(06:41 / Referees) joltx: i think
(06:42 / Referees) Mata.: i know
(06:52 / Referees) Mata.: that's why i said 10000 copper in 100 siver
(06:55 / All) snacker: but potm works really well on the bnet level
(07:12 / Referees) Dexanth: oh wait
(07:17 / Referees) joltx: my brother plays wow he says its 100->100->1
(07:17 / Referees) Dexanth: maybe eq was 10/10/10/10 then
(07:31 / Referees) Dexanth: 10000 -> 100 -> 1 yes sorry i got my games mixed up
(07:42 / Referees) Mata.: can't believe dexanth plays fucking everquest
(07:43 / Referees) Mata.: AND wow
(07:48 / Referees) Dexanth: i played EQ in 2000
(07:51 / Referees) snacker: wait people still play eq?
(07:52 / Referees) Dexanth: and i quit both of dose games
(07:52 / Referees) Mata.: no wonder you quit wow
(07:56 / Referees) Mata.: was taking your EQ time away
(08:09 / Referees) Dexanth: look i am tryin to becum a wc3 pro gamer
(08:13 / Referees) Dexanth: i dont have time for dose other games
(08:20 / Referees) snacker: e-athletcism
(08:22 / Referees) snacker: (sp)
(08:25 / Referees) Mata.: american progamer ha ha ha
(08:36 / Referees) Mata.: it'll be a cold day in hades
(08:39 / Referees) Dexanth: dont kill da dream
(08:41 / Referees) joltx: wasnt sk.wizard an american progamer
(08:46 / Referees) snacker: be the next fatal1ty
(09:06 / Referees) snacker: wow america only has one pro gamer T_T
(09:15 / Referees) Dexanth: oh man wisp denied
(09:16 / Referees) Mata.: america had qazzi, kind of a b-list pro
(09:25 / Referees) joltx: all of americas pro gamers play FPS games
(09:27 / Referees) snacker: i guess coL is kinda pro but i dont know anything about CS
(09:37 / Referees) snacker: and pandemic
(09:39 / Referees) Mata.: actually canada had Grrr... who was probably my favorite SC pro of all time
(09:45 / Referees) Mata.: haha yeah can't forget the wow pros
(09:50 / Referees) Dexanth: should have FFed archers
(09:53 / Referees) snacker: XD'sGrrrrr
(09:55 / Referees) snacker: or something
(10:01 / Referees) joltx: did kunt lose a unit
(10:01 / Referees) Mata.: 3 Rs and 3 periods
(10:05 / Referees) snacker: lmao
(10:08 / All) Kunt.RoII: the only way
(10:13 / Referees) Mata.: when he moved to korea he changed his name to giyom tho
(10:15 / Referees) Dexanth: kunt lost like 1 archer
(10:32 / Referees) joltx: i didnt know archer/dryad/dott was still in use
(10:41 / Referees) snacker: dotts are pretty good in mirror
(10:41 / Referees) Mata.: didn't know hunts were still in use either
(11:25 / Referees) Mata.: surr that dh broheim
(11:27 / Referees) snacker: one man army
(11:35 / Referees) joltx: uh
(11:37 / All) Lucius-Vorenus: well thats game
(11:38 / Referees) Dexanth: dead man army
(11:41 / All) Kunt.RoII: :E
(11:41 / All) snacker: T_T
(11:52 / All) Mata.: :C
(11:56 / Referees) snacker: shoulda went bears
(11:57 / All) joltx: :S
(11:59 / Referees) Dexanth: lucuis could have had that if he'd killed units instead of trying to kill ache tbqh
(12:04 / All) Mata.: c?:-)
(12:05 / Referees) Dexanth: he'd have raped archers
(12:10 / All) Lucius-Vorenus: gg
(12:12 / All) Kunt.RoII: gg